 Dungeon Crawl Stone Soup version 0.29.1-12-g30fa7ad0bf (webtiles) character file.

Game seed: 2902795152192653288

5859 MisterFreud the Covert (level 10, -17/71 HPs)
             Began as a Gnoll Brigand on Dec 28, 2022.
             Was a Follower of Hepliaklqana.
             Killed from afar by an acid dragon (26 damage)
             ... with a splash of acid
             ... on level 10 of the Dungeon.
             The game lasted 00:17:36 (14005 turns).

MisterFreud the Covert (Gnoll Brigand)             Turns: 14005, Time: 00:17:37

Health: -17/71     AC:  8    Str: 11    XL:     10   Next: 81%
Magic:  18/18      EV: 18    Int: 14    God:    Hepliaklqana [*.....]
Gold:   556        SH:  0    Dex: 14    Spells: 20/20 levels left

rFire   . . .      SeeInvis .   a - +3 dagger
rCold   . . .      Faith    .   (no shield)
rNeg    . . .      Spirit   .   w - +0 steam dragon scales
rPois   .          Reflect  .   h - +0 helmet
rElec   .          Harm     .   G - +0 cloak
rCorr   .          Rampage  .   j - +2 pair of gloves
Will    +....                   (no boots)
Stlth   ++++......              (no amulet)
HPRegen 0.21/turn               g - +4 ring of evasion
MPRegen 0.16/turn               p - ring of willpower

@: corroded
A: reduced essence, fangs 1, strong nose, distributed training
a: Renounce Religion, Recall Ancestor, Ancestor Identity


You were on level 10 of the Dungeon.
You worshipped Hepliaklqana.
Hepliaklqana was aware of your devotion.
You visited 2 branches of the dungeon, and saw 11 of its levels.

You collected 595 gold pieces.
You spent 39 gold pieces at shops.

Inventory:

Hand Weapons
 a - a +3 dagger (weapon)
 s - a +0 lajatang
 B - a +2 dagger of chaos
Missiles
 d - 29 poisoned darts (quivered)
 e - 3 curare-tipped darts
 n - 22 silver boomerangs
 o - 7 boomerangs
 u - a throwing net
 O - 2 silver javelins
Armour
 b - a +0 robe
 c - a +0 cloak
 h - a +0 helmet (worn)
 j - a +2 pair of gloves (worn)
 r - the +2 robe of Xoegad {rF+ Int+2}
   (You found it on level 3 of the Dungeon)

   Int:       It affects your intelligence (+2).
   rF:        It protects you from fire.
 w - +0 steam dragon scales (worn)
 A - +0 acid dragon scales
 G - a +0 cloak (worn)
 L - a +2 robe of willpower
Jewellery
 g - a +4 ring of evasion (left hand)
 p - a ring of willpower (right hand)
 q - an amulet of the acrobat
 z - an amulet of magic regeneration
 K - a +6 ring of dexterity
Wands
 y - a wand of roots (19)
 D - a wand of polymorph (7)
 F - a wand of paralysis (5)
 I - a wand of mindburst (18)
 N - a wand of flame (7)
Scrolls
 k - a scroll of butterflies
 x - a scroll of magic mapping
 C - a scroll of amnesia
 J - a scroll of enchant weapon
Potions
 f - 3 potions of curing
 i - a potion of resistance
 l - 2 potions of magic
 m - a potion of berserk rage
 t - 2 potions of haste
 v - 4 potions of brilliance
 E - 2 potions of attraction
 H - a potion of mutation
 M - a potion of invisibility
 P - a potion of might {unknown}


   Skills:
 + Level 7.5 Fighting
 + Level 7.5 Short Blades
 + Level 5.8 Long Blades
 + Level 5.8 Axes
 + Level 5.8 Maces & Flails
 + Level 5.8 Polearms
 + Level 5.8 Staves
 + Level 5.8 Ranged Weapons
 + Level 7.5 Throwing
 + Level 5.8 Armour
 + Level 6.4 Dodging
 + Level 9.8 Stealth
 + Level 5.8 Shields
 + Level 5.8 Unarmed Combat
 + Level 5.8 Spellcasting
 + Level 4.8 Conjurations
 + Level 4.8 Hexes
 + Level 4.8 Summonings
 + Level 4.8 Necromancy
 + Level 4.8 Translocations
 + Level 4.8 Transmutations
 + Level 4.8 Fire Magic
 + Level 4.8 Ice Magic
 + Level 4.8 Air Magic
 + Level 4.8 Earth Magic
 + Level 4.8 Poison Magic
 + Level 6.4 Invocations
 + Level 5.8 Evocations


You had 20 spell levels left.
You didn't know any spells.
Your spell library contained the following spells:

 Spells                   Type           Power      Damage    Failure   Level
 Beastly Appendage        Tmut           34%        N/A       2%          1
 Wereblood                Tmut           17%        N/A       3%          2
 Spider Form              Tmut/Pois      17%        N/A       7%          3
 Malign Gateway           Summ/Tloc      8%         N/A       100%        7
 Summon Horrible Things   Summ           8%         N/A       100%        8


Dungeon Overview and Level Annotations

Branches:
Dungeon (10/15)            Temple (1/1) D:6            Lair (0/5) D:8
    Orc (0/2) D:10

Altars:
Cheibriados
Dithmenos
Elyvilon
Fedhas
Gozag
Hepliaklqana
Kikubaaqudgha
Makhleb
Nemelex Xobeh
Qazlal
Ru
Sif Muna
Trog
Vehumet
Wu Jian
Xom
Yredelemnul
Zin
The Shining One

Shops:
D:2 !   D:4 [


Innate Abilities, Weirdness & Mutations

Your life essence is reduced to manifest your ancestor. (-10% HP)
You have very sharp teeth.
Your uncanny sense of smell can sniff out nearby items.
Your experience applies equally to all skills.


Message History

The acid dragon is severely wounded.
The acid dragon bites you. The acid dragon completely misses you.
You hit the acid dragon.
You bite the acid dragon, but do no damage.
The acid dragon is almost dead.
You hit the acid dragon.
The acid dragon is almost dead.
The acid dragon spits acid at you. The splash of acid hits you!
The acid corrodes you!
You hit the acid dragon but do no damage.
The acid dragon is almost dead.
The acid dragon spits acid at you. The splash of acid hits you!!
* * * LOW HITPOINT WARNING * * *
You are too injured to fight recklessly!
You hit the acid dragon but do no damage.
The acid dragon is almost dead.
You closely miss the acid dragon. Your punch misses the acid dragon.
The acid dragon is almost dead.
The acid dragon bites you but does no damage.
The acid dragon completely misses you.
You barely miss the acid dragon.
The acid dragon is almost dead.
Unknown command.
You closely miss the acid dragon.
The acid dragon is almost dead.
The acid dragon bites you but does no damage.
The acid dragon claws you but does no damage.
Unknown command.
You hit the acid dragon but do no damage.
The acid dragon is almost dead.
The acid dragon closely misses you. The acid dragon misses you.
Unknown command.
You hit the acid dragon but do no damage.
The acid dragon is almost dead.
You hit the acid dragon.
The acid dragon is almost dead.
The acid dragon spits acid at you. The splash of acid hits you!!
You die...

#..............#....
#..............#####
#...................
#......######'#.....
#......#......#.....
#......#......#.....
#......#......#.....
#......#......'.....
#..@...#..##..#.....
#..D...#####..#.....
#......# #...#####'
#......# #...#.....
#......# #...#.....
######## #...#.....
#...##....
######..######
#....#'###....


You could see an acid dragon (catching breath).

Vanquished Creatures
  A centaur warrior (D:10)
  A two-headed ogre (D:10)
  A komodo dragon (D:8)
  A troll (D:10)
  A hornet (D:4)
  A steam dragon (D:6)
  An acid dragon (D:10)
  2 orc warriors (D:10)
  2 ice beasts (D:7)
  2 black bears
  An ogre (D:5)
  6 wolves
  3 phantoms
  A kobold brigand (D:10)
  4 scorpions
  4 bullfrogs
  A wight (D:10)
  3 howler monkeys
  3 hounds
  7 orc priests
  A gnoll bouda (D:6)
  6 iguanas
  9 orc wizards
  17 gnolls
  7 adders
  A shadow imp (D:6)
  4 white imps
  An ufetubus (D:8)
  5 worms
  A dart slug (D:5)
  34 orcs
  11 endoplasms
  3 giant cockroaches
  5 goblins
  5 hobgoblins
  7 jackals
  10 kobolds
  4 quokkas
  11 ball pythons
  10 bats
  8 frilled lizards
  8 rats
214 creatures vanquished.

Vanquished Creatures (collateral kills)
  Psyche (D:10)
  Grum (D:10)
  A kobold brigand (D:10)
  A gnoll bouda (D:9)
  2 orc priests (D:10)
  An orc wizard (D:10)
  3 orcs (D:10)
  2 kobolds (D:10)
12 creatures vanquished.

Vanquished Creatures (others)
  4 ancestors
  11 plants
15 creatures vanquished.

Grand Total: 241 creatures vanquished

Notes
Turn   | Place    | Note
-------+----------+-------------------------------------------
     0 | D:1      | MisterFreud the Gnoll Brigand began the quest for the Orb.
     0 | D:1      | Reached XP level 1. HP: 20/20 MP: 1/1
   138 | D:1      | Reached XP level 2. HP: 11/26 MP: 2/2
   624 | D:1      | Reached XP level 3. HP: 26/31 MP: 3/3
  1013 | D:2      | Reached skill level 1 in Invocations
  1057 | D:2      | Found Neletruwn's Distillery.
  1066 | D:2      | Bought a potion of curing for 39 gold pieces
  1078 | D:2      | Reached skill level 1 in Long Blades
  1078 | D:2      | Reached skill level 1 in Axes
  1078 | D:2      | Reached skill level 1 in Maces & Flails
  1078 | D:2      | Reached skill level 1 in Polearms
  1078 | D:2      | Reached skill level 1 in Staves
  1078 | D:2      | Reached skill level 1 in Ranged Weapons
  1078 | D:2      | Reached skill level 1 in Armour
  1078 | D:2      | Reached skill level 1 in Shields
  1078 | D:2      | Reached skill level 1 in Unarmed Combat
  1078 | D:2      | Reached skill level 1 in Spellcasting
  1078 | D:2      | Reached skill level 1 in Evocations
  1300 | D:2      | Found a faded altar of an unknown god.
  1357 | D:2      | Reached XP level 4. HP: 38/38 MP: 5/5
  1453 | D:2      | Reached skill level 1 in Conjurations
  1453 | D:2      | Reached skill level 1 in Hexes
  1453 | D:2      | Reached skill level 1 in Summonings
  1453 | D:2      | Reached skill level 1 in Necromancy
  1453 | D:2      | Reached skill level 1 in Translocations
  1453 | D:2      | Reached skill level 1 in Transmutations
  1453 | D:2      | Reached skill level 1 in Fire Magic
  1453 | D:2      | Reached skill level 1 in Ice Magic
  1453 | D:2      | Reached skill level 1 in Air Magic
  1453 | D:2      | Reached skill level 1 in Earth Magic
  1453 | D:2      | Reached skill level 1 in Poison Magic
  2432 | D:2      | Reached XP level 5. HP: 33/38 MP: 7/7
  3033 | D:3      | Identified the +2 robe of Xoegad {rF+ Int+2}
  3161 | D:3      | Reached skill level 8 in Stealth
  3235 | D:3      | Reached XP level 6. HP: 43/50 MP: 8/8
  3677 | D:4      | Reached skill level 5 in Fighting
  3677 | D:4      | Reached skill level 5 in Short Blades
  3677 | D:4      | Reached skill level 5 in Throwing
  3981 | D:4      | Found Meipy's Antique Armour Emporium.
  4181 | D:4      | Noticed a hornet
  4194 | D:4      | Killed a hornet
  4195 | D:4      | Reached XP level 7. HP: 8/56 MP: 10/10
  5030 | D:5      | Entered Level 5 of the Dungeon
  5472 | D:5      | Found an opulent altar of Gozag.
  5579 | D:5      | Found a shimmering altar of Xom.
  5587 | D:5      | You fall into a shaft and drop 1 floor!
  5607 | D:6      | Noticed a steam dragon
  5635 | D:6      | Killed a steam dragon
  5784 | D:6      | Reached XP level 8. HP: 53/63 MP: 12/12
  7746 | D:5      | Reached XP level 9. HP: 25/69 MP: 14/14
  8521 | D:6      | Found an ancient bone altar of Kikubaaqudgha.
  8521 | D:6      | Found a blossoming altar of Fedhas.
  8594 | D:6      | Found a staircase to the Ecumenical Temple.
  9127 | D:7      | Found a glowing silver altar of Zin.
  9128 | D:7      | Noticed an angel
  9191 | D:7      | Reached skill level 5 in Dodging
  9205 | D:8      | Found a staircase to the Lair.
  9277 | D:8      | Noticed a komodo dragon
  9288 | D:8      | Killed a komodo dragon
  9289 | D:8      | Reached skill level 9 in Stealth
  9699 | D:8      | Reached skill level 5 in Invocations
  9801 | Temple   | Entered the Ecumenical Temple
  9832 | Temple   | Became a worshipper of Hepliaklqana the Forgotten
 10365 | D:7      | Found a sparkling altar of Nemelex Xobeh.
 10787 | D:9      | Found a white marble altar of Elyvilon.
 11040 | D:9      | Noticed a troll
 11048 | D:10     | Entered Level 10 of the Dungeon
 11204 | D:10     | Reached * piety under Hepliaklqana
 11489 | D:10     | Noticed a two-headed ogre
 11506 | D:10     | Killed a two-headed ogre
 11507 | D:10     | Reached skill level 5 in Long Blades
 11507 | D:10     | Reached skill level 5 in Axes
 11507 | D:10     | Reached skill level 5 in Maces & Flails
 11507 | D:10     | Reached skill level 5 in Polearms
 11507 | D:10     | Reached skill level 5 in Staves
 11507 | D:10     | Reached skill level 5 in Ranged Weapons
 11507 | D:10     | Reached skill level 5 in Armour
 11507 | D:10     | Reached skill level 5 in Shields
 11507 | D:10     | Reached skill level 5 in Unarmed Combat
 11507 | D:10     | Reached skill level 5 in Spellcasting
 11507 | D:10     | Reached skill level 5 in Evocations
 11507 | D:10     | Reached XP level 10. HP: 39/71 MP: 17/17
 11698 | D:10     | Found a staircase to the Orcish Mines.
 12487 | D:10     | Noticed Psyche
 12523 | D:10     | Killed Psyche
 13263 | D:10     | Noticed Grum
 13276 | D:10     | Killed Grum
 13572 | D:10     | Noticed a centaur warrior
 13586 | D:10     | Killed a centaur warrior
 14005 | D:10     | Killed from afar by an acid dragon

Illustrated notes

Levels and vault maps discovered:
D:1:      dpeg_arrival_rooms_a, layout_rooms, nicolae_wormholes
D:2:      layout_basic, ebering_ecumenical_altar_petrified, serial_shops,
          nicolae_square_shop
D:3:      minmay_wonky_spiral, layout_rooms
D:4:      layout_basic, serial_shops, kennysheep_mini, minmay_vboxes
D:5:      layout_basic, tgw_xom, grunt_gozag_statues, kennysheep_boxes
D:6:      layout_basic, grunt_temple_overflow_growth_and_decay, temple_statues
D:7:      layout_loops_ring, zin_angel, mainiacjoe_overflow_catwalk,
          chequers_serial_rivers_micro_b
D:8:      layout_rooms, david_lair_shrubbed
D:9:      layout_basic, kennysheep_little_box, serial_ice, serial_ice_m,
          serial_ice_b, serial_ice_h, serial_ice_c, serial_ice_o, serial_ice_g,
          serial_ice_e, serial_ice_i
D:10:     layout_gridville, minmay_orc_entry_temple_large,
          minmay_unpleasant_kobolds, uniq_grum, uniq_psyche
Temple:   eino_wide_crystal_templ

Skill      XL: |  1  2  3  4  5  6  7  8  9 10 |
---------------+-------------------------------+-----
Invocations    | 1 2 3 4 5 6 |  6.4
Long Blades    | 1 2 3 5 |  5.8
Axes           | 1 2 3 5 |  5.8
Maces & Flails | 1 2 3 5 |  5.8
Polearms       | 1 2 3 5 |  5.8
Staves         | 1 2 3 5 |  5.8
Ranged Weapons | 1 2 3 5 |  5.8
Armour         | 1 2 3 5 |  5.8
Shields        | 1 2 3 5 |  5.8
Unarmed Combat | 1 2 3 5 |  5.8
Spellcasting   | 1 2 3 5 |  5.8
Evocations     | 1 2 3 5 |  5.8
Conjurations   | 1 2 3 4 |  4.8
Hexes          | 1 2 3 4 |  4.8
Summonings     | 1 2 3 4 |  4.8
Necromancy     | 1 2 3 4 |  4.8
Translocations | 1 2 3 4 |  4.8
Transmutations | 1 2 3 4 |  4.8
Fire Magic     | 1 2 3 4 |  4.8
Ice Magic      | 1 2 3 4 |  4.8
Air Magic      | 1 2 3 4 |  4.8
Earth Magic    | 1 2 3 4 |  4.8
Poison Magic   | 1 2 3 4 |  4.8
Dodging        | 3 4 5 6 |  6.4
Stealth        | 8 9 |  9.8
Fighting       | 5 6 7 |  7.5
Short Blades   | 5 6 7 |  7.5
Throwing       | 5 6 7 |  7.5

Action                   |  1- 3 |  4- 6 |  7- 9 | 10-12 || total
-------------------------+-------+-------+-------+-------++-------
Melee: Dagger            |   110 |   241 |   869 |   265 ||  1485
       Bite              |     9 |    21 |   109 |    36 ||   175
       Punch             |     2 |     4 |    27 |    11 ||    44
Throw: Dart              |       |       |    13 |       ||    13
Invok: Recall Ancestor   |       |       |       |     1 ||     1
Evoke: Wand              |       |       |     2 |     4 ||     6
  Use: Scroll            |     5 |     4 |    12 |     2 ||    23
       Potion            |       |     1 |     2 |     4 ||     7
 Stab: Sleeping          |    11 |    11 |     4 |     2 ||    28
       Distracted        |       |     1 |     1 |     2 ||     4
       Paralysed         |       |       |     1 |     1 ||     2
Armor: Robe              |    42 |    72 |    23 |       ||   137
       Steam dragon scal |       |       |   189 |    78 ||   267
Dodge: Dodged            |    82 |   228 |   548 |   211 ||  1069
